Nobbs, neutral male human Tourist ------------- --------###########-...........| |.......# |...........| ----- |......| |...........| |.)%| #-......| |...........| |[?.| #-------- |>..........| |%%.| # ---|--------- |...| # ######## ---|- # # # # ## ### --------------# ------|- # |.............# |......| ### |............| |......| --.----- |.............@h .....| |...<..| ##.......| |............| ----- |......| # |......| |............| |.......########-......| -------------- -------- # |......| -------- Nobbs the Rambler Experience level: 1 Strength: 11 Dexterity: 10 Constitution: 16 Intelligence: 17 Wisdom: 8 Charisma: 15 Health: 0(10) Energy: 2(2) Def: 0 Gold: 819 Moves: 693 Dungeon seed: ltRF3GTqNvv4nVon Game ID: Nobbs_1510385089 Your Inventory: Coins $ - 819 gold pieces Wands q - a wand of probing (0:5) s - a wand of light (0:11) Weapons a - 35 +2 darts (in quiver) r - a +0 orcish dagger y - a +0 scimitar Armor e - an uncursed +0 Hawaiian shirt (being worn) Comestibles b - an uncursed tin of jackal meat c - an uncursed slime mold d - an uncursed tin of newt meat f - 2 uncursed fortune cookies g - an uncursed melon h - an uncursed food ration i - an uncursed tripe ration j - 2 uncursed eggs p - an uncursed pancake x - an uncursed orange Scrolls m - 4 uncursed scrolls of magic mapping t - an uncursed scroll of identify v - a cursed scroll of identify w - an uncursed scroll of identify Potions k - an uncursed potion of extra healing l - a blessed potion of extra healing u - an uncursed potion of paralysis Tools n - an expensive camera (0:33) o - an uncursed credit card Spells and supernatural/magical abilities: Name Level Category Fail Memory W - pray for help -- divine ? -- Your skills at the end: Fighting Skills Weapon Skills dart [Basic] Spellcasting Skills Final Attributes: You were stridently aligned. You are dead. Vanquished creatures: a gnome a gecko a fox 2 goblins 2 kobold zombies a newt 8 creatures vanquished. Voluntary challenges: You went without food. You were an atheist. You never hit with a wielded weapon. You read items or engraved 4 times, starting on turn 194. You never genocided any monsters. You never polymorphed an object. You never changed form. You used no wishes. You never split a pudding. You wrote Elbereth's name 3 times, starting on turn 195. You never violated your personal moral code. Dungeon overview: The Dungeons of Doom: levels 1 to 4 Level 1 a fountain a long staircase Level 2 a fountain stairs to The Gnomish Mines Level 3 <- You were here a general store Level 4 The Gnomish Mines: Level 3 stairs to The Dungeons of Doom History has recorded: On T:1 you entered the Dungeons of Doom to retrieve the Amulet of Yendor! On T:199 you reached level 2 of The Dungeons of Doom. On T:326 you reached level 1 of The Gnomish Mines. On T:532 you reached level 3 of The Dungeons of Doom. On T:629 you reached level 4 of The Dungeons of Doom. Score breakdown: Gold: 180 ( 7679 points) Experience: 1 level ( 0 points) Exploration: 4 levels ( 7.69%) ( 7276 points) Discoveries: 3 items ( 1.01%) ( 3010 points) Valuables value: (no points given unless you survive) Artifact value: 0 ( 0 points) Variety of kills: 6 monsters ( 1.57%) ( 3764 points) Turncount: 693 turns ( 0 points) Survival: died (score multiplied by 80%) Total score: 17383 Latest messages: You hear the chime of a cash register. The door opens. You can't go up here. You displace Fuffy. The door resists! (2x) The door opens. You see here a curved sword. y - a curved sword. $ - 25 gold pieces. The door resists! (3x) The door opens. You kill the gecko! The hobbit wields a dagger! The hobbit thrusts her dagger. The hobbit hits! You hit the hobbit. The dart misses the hobbit. The hobbit thrusts her dagger. The hobbit hits! You die... Final status: Aloha Nobbs the Tourist, killed by a hobbit... You died in The Dungeons of Doom on dungeon level 3 with 17383 points, and 819 pieces of gold, after 693 moves. You were level 1 with a maximum of 10 hit points when you died.